 Dungeon Crawl Stone Soup version 0.31-a0-844-gdc52ec4e09 (webtiles) character file.

Game seed: 1749610774011734207

4 Bravepunisher the Ducker (level 1, 0/11 HPs)
             Began as a Spriggan Monk on Sept 29, 2023.
             Slain by a rat (2 damage)
             ... on level 1 of the Dungeon.
             The game lasted 00:00:28 (110 turns).

Bravepunisher the Ducker (Spriggan Monk)             Turns: 110, Time: 00:00:29

Health: 0/11       AC:  2    Str:  7    XL:     1   Next: 58%
Magic:  2/2        EV: 18    Int: 11    God:
Gold:   7          SH:  0    Dex: 17    Spells: 0/0 levels left

rFire   . . .        a - +0 short sword
rCold   . . .        (no shield)
rNeg    . . .        b - +0 robe
rPois   .            (helmet restricted)
rElec   .            (no cloak)
rCorr   .            (gloves unavailable)
SInv    +            (boots unavailable)
Will    .....        (no amulet)
Stlth   ++           (no ring)
HPRegen 0.21/turn    (no ring)
MPRegen 0.08/turn

%: no passive effects
@: very quick
A: very small, no large weapons, unfitting armour, see invisible, speed 3
a: no special abilities


You were on level 1 of the Dungeon.
You visited 1 branch of the dungeon, and saw 2 of its levels.

You collected 7 gold pieces.

Inventory:

Hand Weapons
 a - a +0 short sword (weapon)
Armour
 b - a +0 robe (worn)
Potions
 c - a potion of ambrosia
 d - 2 potions of lignification {unknown}


   Skills:
 * Level 2.6 Fighting
 - Level 3.2 Short Blades
 + Level 4.1 Dodging


You couldn't memorise any spells.
You didn't know any spells.
Your spell library was empty.

Dungeon Overview and Level Annotations

Branches:
Dungeon (2/15)

Altars:

Annotations:
D:2 Robin


Innate Abilities, Weirdness & Mutations

You are very small and have problems with some larger weapons.
You are too small for most types of armour.
You have supernaturally acute eyesight. (SInv)
You cover ground extremely quickly. (Speed+++)


Message History

There is a stone staircase leading down here.
The ball python hisses angrily.
You climb downwards.
There is a stone staircase leading up here. 2 goblins come into view.
Robin shouts!
The goblin shouts!
You hear a shout!
The goblin shouts!
You hear a shout!
The goblin shouts!
You hear a shout! x3
You hear an angry hiss.
A goblin comes into view. It is wielding a +0 club. x3
Robin roars a battlecry!
The goblins go into a battle-frenzy!
The goblin moves out of view.
You barely miss the goblin. The goblin closely misses you.
You closely miss the goblin. You hit the goblin.
You kill the goblin!
A goblin comes into view. It is wielding a +0 dagger.
Robin throws the goblin at you! The goblin closely misses you.
You hit the goblin.
The goblin is severely wounded.
The goblin hits you with a +0 club. The goblin barely misses you.
You hit the goblin.
The goblin is severely wounded.
The goblin completely misses you. The goblin closely misses you.
You hit the goblin.
You kill the goblin!
The goblin closely misses you.
You see here a +0 dagger.
Robin throws the goblin at you! The goblin misses you.
There is a stone staircase leading up here.
The goblin barely misses you.
Robin roars a battlecry!
You climb upwards.
The rat misses you.
There is a stone staircase leading down here.
You hit the rat but do no damage.
The rat twitches its whiskers.
The rat closely misses you. The goblin hits you with a +0 club.
* * * LOW HITPOINT WARNING * * *
You hit the rat but do no damage. The rat bites you.
You die...

...###.........#
... ...#
#.........# ...
...# #.........#
.... #..#
#.........### .....
###
#...........##.....
#.).......#.#......
#.........#........
#.........#r##.....
###########@gS..###
#######


You could see a goblin (strong), a ball python and a rat.

Vanquished Creatures
  2 goblins (D:2)
  2 frilled lizards (D:1)
  A kobold (D:1)
5 creatures vanquished.

Notes
Turn   | Place    | Note
-------+----------+-------------------------------------------
     0 | D:1      | Bravepunisher the Spriggan Monk began the quest for the
                  | Orb.
     0 | D:1      | Reached XP level 1. HP: 11/11 MP: 2/2
    96 | D:2      | Identified the +1 helmet "Woadum" {rElec Str+3 Int+2}
    96 | D:2      | Noticed Robin
   110 | D:1      | Slain by a rat

Illustrated notes

Levels and vault maps discovered:
D:1:      erik_arrival_orb_chamber, layout_basic, basic_ecumenical_altar,
          minmay_door_square
D:2:      layout_basic, uniq_jessica, uniq_robin

Action                     || total
---------------------------++-------
  Melee: Short sword       ||    15
 Armour: Robe              ||     8
  Dodge: Dodged            ||    11

Table legend: (Time is in decaauts)
 A = Elapsed time spent in this place.
 B = Non-inter-level travel time spent in this place.
 C = Inter-level travel time spent in this place.
 D = Time resting spent in this place.
 E = Time spent auto-exploring this place.
 F = Levels seen in this place.
 G = Mean time per level.
                   A        B        C        D        E       F      G
               +--------+--------+--------+--------+--------+-----+--------+
         Total |     93 |     93 |      0 |      0 |     58 |   2 |   46.5 |
       Dungeon |     93 |     93 |      0 |      0 |     58 |   2 |   46.5 |
               +--------+--------+--------+--------+--------+-----+--------+

Top non-repeatable levels by time:
     D:1: 84 daAuts
     D:2: 9 daAuts
